 Dungeon Crawl Stone Soup version bcrawl-1.41.1 (webtiles) character file.

Game seed: 6400271721244290177

353123 Grimmash the Chopper (level 11, -4/62 HPs)
             Began as a Twilight Stalker Archaeologist on Apr 19, 2024.
             Was an Elder of Cheibriados.
             Killed from afar by Harold (17 damage)
             ... with a bolt of fire
             ... on level 9 of the Dungeon.
             The game lasted 00:13:32 (8316 turns).

Grimmash the Chopper (VSAc)                         Turns: 8316, Time: 00:13:33

Health: -4/62      AC: 16    Str: 29    XL:     11   Next: 4%
Magic:  29/29      EV:  5    Int: 27    God:    Cheibriados [****..]
Gold:   379        SH:  0    Dex: 23    Spells: 21/21 levels left

rFire    . . .     GDR:     36% a - +10 war axe of Superiority {freeze, rN+ Str+2}
rCold    . . .     SeeInvis .   k - +0 medium shield
rNeg     + . .     Gourm    .   L - +0 plate armour
rPois    .         Faith    .   r - +0 helmet
rElec    .         Spirit   .   (no cloak)
rCorr    +         Reflect  +   O - +0 pair of gloves
MR       +....     Clarity  +   M - +1 pair of boots
Stlth    +++.......             B - +4 amulet of reflection
HPRegen  0.60/turn              d - ring "Oqailecia" {rCorr MP+9 Str+3}
MPRegen  0.21/turn              (no ring)

@: held, studying Spellcasting, very slow
A: fangs 3, nightstalker 1, regeneration 1, no potion heal 3, rot immunity,
draining bite, strong jaws, assimilated armour
a: Bend Time, Defer, Temporal Distortion, Renounce Religion


You were on level 9 of the Dungeon.
You worshipped Cheibriados.
Cheibriados was greatly pleased with you.
You were hungry.

You visited 2 branches of the dungeon, and saw 10 of its levels.
You also visited: Bailey.

You collected 523 gold pieces.
You spent 144 gold pieces at shops.

Inventory:

Hand Weapons
 a - the +10 war axe of Superiority (weapon) {freeze, rN+ Str+2}
   (You acquired it on level 3 of the Dungeon)

   It has been specially enchanted to freeze those struck by it, increasing
   damage dealt by approximately one third against foes not resistant or
   susceptible to cold, and potentially slowing cold-blooded foes.
   It affects your strength (+2).
   It protects you from negative energy.
 b - a +0 blowgun
 t - a cursed -1 morningstar
 K - a +0 broad axe
Missiles
 f - 6 curare-tipped needles
 v - 235 poisoned needles
 I - 1122 poisoned tomahawks (quivered)
Armour
 k - a +0 medium shield (worn)
 r - a +0 helmet (worn)
 L - a +0 plate armour (worn)
 M - a +1 pair of boots (worn)
 O - a +0 pair of gloves (worn)
Jewellery
 d - the ring "Oqailecia" (left hand) {rCorr MP+9 Str+3}
   (You found it on level 4 of the Dungeon)

   [ring of resist corrosion]

   It affects your strength (+3).
   It affects your magic capacity (+9).
   It provides partial protection from all sources of acid and corrosion.
 B - a +4 amulet of reflection (around neck)
Wands
 c - a wand of iceblast (14)
 u - a wand of polymorph (1)
 y - a wand of random effects (7)
 J - a wand of disintegration (13)
 N - a wand of flame (28)
 Q - a wand of scattershot (2)
Scrolls
 g - a scroll of revelation
 i - a scroll of identify
 p - 5 scrolls of remove curse
 q - a scroll of enchant armour {unknown}
 s - a scroll of fear {unknown}
 w - 2 scrolls of fog
 x - 5 scrolls of teleportation
 z - a scroll of noise {unknown}
 C - 2 scrolls of amnesia
 E - 2 scrolls of vulnerability {unknown}
 F - a scroll of blinking {unknown}
 H - a scroll of silence {unknown}
Potions
 h - 5 potions of mutation {unknown}
 j - 4 potions of heal wounds {unknown}
 l - a potion of agility {unknown}
 n - 8 potions of curing
 o - a potion of might {unknown}
 A - a potion of brilliance {unknown}
 D - 2 potions of cancellation {unknown}
 G - 3 potions of degeneration {unknown}
 R - a potion of berserk rage
 S - a potion of magic
Comestibles
 e - 13 rations {!d}


   Skills:
 * Level 4.8 Fighting
   Level 2.1 Long Blades
 * Level 7.8(8.4) Axes
 * Level 4.4(6.7) Maces & Flails
 + Level 1.1 Throwing
 * Level 4.1 Armour
 * Level 6.3 Dodging
 + Level 7.2 Stealth
 * Level 4.6 Shields
 * Level 5.7 Spellcasting
 * Level 3.4 Invocations


You had 21 spell levels left.
You didn't know any spells.
Your spell library was empty.

Dungeon Overview and Level Annotations

Branches:
Dungeon (9/12)             Temple (1/1) D:5
   Lair: D:7-9          Orc: D:8-11

Altars:
Ashenzari
Cheibriados
Dithmenos
Elyvilon
Fedhas
Gozag
Hepliaklqana
Kikubaaqudgha
Lugonu
Makhleb
Nemelex Xobeh
Okawaru
Qazlal
Ru
Sif Muna
Trog
Uskayaw
Vehumet
Xom
Yredelemnul
Zin
The Shining One

Shops:
D:4 *

Annotations:
D:5 exclusion: door
D:9 Harold


Innate Abilities, Weirdness & Mutations

You have razor-sharp teeth.
You are slightly more attuned to the shadows.
Your natural rate of healing is unusually fast.
Potions cannot restore your health.
You are immune to rotting.
Your bite drains your enemy's life force.
Your bites deal extra damage.
Your stealth is less affected by armour.


Message History

a hound corpse x2; a wolf corpse Harold points at you and mumbles some strange words.
The bolt of fire hits you!! You block Harold's attack.
You are too injured to fight recklessly!
You are too injured to fight recklessly!
No path to travel!
The electric eel shoots out a bolt of lightning at you!
The bolt of electricity hits you!
* * * LOW HITPOINT WARNING * * *
Harold throws a throwing net.
The throwing net hits you.
You become entangled in the net!
The electric eel shoots out a bolt of lightning at you!
The bolt of electricity hits you.
* * * LOW HITPOINT WARNING * * *
Items here: ( ††† a throwing net {=f}; a hound corpse x2; a wolf corpse You struggle against the net.
Harold points at you and mumbles some strange words.
The bolt of fire hits you!
You die...

#. ####.###
##......#
......#.#
......#.#
.≈.$..#.#
.≈≈....†#
.≈≈.;.#<#
≈≈≈≈..†@#
≈≈≈≈....#
≈≈≈...#@..#
h≈≈..(..#.#
.≈≈;..>...#
≈≈≈(.#.# #
.≈......
≈≈....#


You could see Harold and 2 electric eels.

Vanquished Creatures
  An orc knight (Bailey)
  4 trolls
  Prince Ribbit (D:6)
  Sigmund (D:5)
  A shadow (D:8)
  A wraith (D:8)
  Eustachio (D:4)
  3 yaks (D:8)
  A vampire mosquito (D:8)
  2 crocodiles
  An orc warrior (D:7)
  A phantom (D:5)
  2 sky beasts
  A necrophage (D:7)
  4 ice beasts
  3 ogres
  A wolf (D:9)
  4 bullfrogs
  3 centaurs
  6 scorpions
  7 killer bees
  3 wights (D:7)
  2 vampire bats (D:5)
  A howler monkey (D:7)
  2 orc priests
  A crimson imp (D:4)
  A quasit (D:7)
  3 jellies
  A bullfrog skeleton (D:5)
  10 hounds
  3 orc wizards
  2 iguanas
  9 worker ants
  A killer bee zombie (D:6)
  2 hound skeletons
  A worker ant zombie (D:5)
  Robin (D:3)
  9 adders
  21 gnolls
  2 shadow imps
  An adder zombie (D:7)
  An adder skeleton (D:4)
  5 worms
  3 dart slugs
  3 leopard geckos
  17 orcs
  9 bats
  2 bat skeletons (D:5)
  3 bat zombies (D:5)
  4 giant cockroaches
  16 goblins
  16 hobgoblins
  6 jackals
  14 kobolds
  7 quokkas
  2 ball pythons (D:1)
  5 frilled lizards
  A goblin skeleton (D:4)
  A kobold skeleton (D:4)
  2 kobold zombies (D:4)
  An orc skeleton (D:4)
  An orc zombie (D:4)
  8 rats
252 creatures vanquished.

Vanquished Creatures (others)
  3 hobgoblins (Bailey)
  4 kobolds (Bailey)
7 creatures vanquished.

Grand Total: 259 creatures vanquished

Notes
Turn   | Place    | Note
-------+----------+-------------------------------------------
     0 | D:1      | Grimmash the Vine Stalker Archaeologist began the quest for
                  | the Orb.
     0 | D:1      | Reached XP level 1. HP: 11/11 MP: 2/2
    93 | D:1      | Reached skill level 1 in Fighting
    93 | D:1      | Reached skill level 1 in Maces & Flails
    93 | D:1      | Reached XP level 2. HP: 16/16 MP: 3/3
   534 | D:1      | Reached XP level 3. HP: 20/20 MP: 4/4
  1093 | D:2      | Reached skill level 1 in Long Blades
  1528 | D:2      | Reached XP level 4. HP: 24/25 MP: 6/6
  1533 | D:2      | Reached skill level 1 in Spellcasting
  2125 | D:3      | Noticed Robin
  2280 | D:3      | Killed Robin
  2284 | D:3      | Reached skill level 1 in Armour
  2410 | D:3      | Reached XP level 5. HP: 22/29 MP: 7/7
  2410 | D:3      | Identified a scroll of acquirement
  2410 | D:3      | Identified the +10 war axe of Superiority {freeze, rN+
                  | Str+2} (You acquired it on level 3 of the Dungeon)
  2410 | D:3      | Identified the ring of Muatomag {rPois rF- MR+ Str+6 Int+4}
                  | (You acquired it on level 3 of the Dungeon)
  2999 | D:4      | Reached skill level 1 in Shields
  3003 | D:4      | Reached skill level 5 in Stealth
  3079 | D:4      | Noticed an ogre
  3085 | D:4      | Killed an ogre
  3086 | D:4      | Reached skill level 1 in Axes
  3086 | D:4      | Gained mutation: You have razor-sharp teeth. [Vine Stalker
                  | growth]
  3086 | D:4      | Reached XP level 6. HP: 35/35 MP: 9/9
  3375 | D:4      | Found a glowing golden altar of the Shining One.
  3386 | D:4      | Reached XP level 7. HP: 39/39 MP: 10/10
  3617 | D:4      | Got a clouded iron ring
  3624 | D:4      | Noticed Eustachio
  3625 | D:4      | Identified the ring "Oqailecia" {rCorr MP+9 Str+3} (You
                  | found it on level 4 of the Dungeon)
  3635 | D:4      | Killed Eustachio
  3652 | D:4      | Found a white marble altar of Elyvilon.
  3735 | D:4      | Found Ceghi's Assorted Antiques.
  3744 | D:4      | Bought a scroll labeled JYFECLUGHEPRY for 30 gold pieces
  3744 | D:4      | Bought a scroll labeled TUZXUHEATE for 30 gold pieces
  3744 | D:4      | Bought a scroll labeled RYBLAM ZIOSI for 30 gold pieces
  3744 | D:4      | Bought a glowing silvery potion for 27 gold pieces
  3744 | D:4      | Bought a golden potion for 27 gold pieces
  3870 | D:5      | Entered Level 5 of the Dungeon
  3948 | D:5      | Found a shimmering blue altar of Sif Muna.
  4018 | D:5      | Gained mutation: Your bite drains your enemy's life force.
                  | [Twilight Stalker growth]
  4018 | D:5      | Gained mutation: Your stealth is less affected by armour.
                  | [Twilight Stalker growth]
  4018 | D:5      | Gained mutation: You are slightly more attuned to the
                  | shadows. [Twilight Stalker growth]
  4018 | D:5      | Reached XP level 8. HP: 35/45 MP: 12/12
  4159 | D:5      | Found a glowing silver altar of Zin.
  4174 | D:5      | Found a staircase to the Ecumenical Temple.
  4189 | Temple   | Entered the Ecumenical Temple
  4319 | Temple   | Became a worshipper of Cheibriados the Contemplative
  4407 | D:5      | Found an ancient bone altar of Kikubaaqudgha.
  4560 | D:5      | Noticed Sigmund
  4562 | D:5      | Killed Sigmund
  4563 | D:5      | Reached skill level 5 in Dodging
  4588 | D:5      | Found a shadowy altar of Dithmenos.
  4638 | D:6      | Reached skill level 1 in Invocations
  4642 | D:6      | Reached skill level 5 in Axes
  5018 | D:6      | Noticed Prince Ribbit
  5020 | D:6      | Reached * piety under Cheibriados
  5021 | D:6      | Reached XP level 9. HP: 49/50 MP: 14/14
  5025 | D:6      | Killed Prince Ribbit
  5151 | D:6      | Noticed a troll
  5156 | D:6      | Killed a troll
  6034 | D:7      | Noticed a troll
  6037 | D:7      | Killed a troll
  6037 | D:7      | Reached ** piety under Cheibriados
  6238 | D:7      | Found a burning altar of Makhleb.
  6543 | D:8      | Found a flagged portal.
  6551 | Bailey   | Entered a bailey
  6674 | Bailey   | Noticed an orc knight
  6688 | Bailey   | Reached XP level 10. HP: 49/56 MP: 16/16
  6809 | Bailey   | Killed an orc knight
  6809 | Bailey   | Reached *** piety under Cheibriados
  7177 | Bailey   | Identified the +0 medium shield "Suntuf" {Dex+3} (You
                  | acquired it in a bailey)
  7177 | Bailey   | Identified the amulet "Rettis" {Gourm MR++} (You acquired
                  | it in a bailey)
  7442 | D:8      | Reached skill level 1 in Throwing
  7576 | D:8      | Reached **** piety under Cheibriados
  7765 | D:8      | Reached skill level 5 in Spellcasting
  7975 | D:8      | Found a hazy altar of Hepliaklqana.
  8159 | D:9      | Noticed Harold
  8165 | D:8      | Reached XP level 11. HP: 17/62 MP: 20/20
  8316 | D:9      | Killed from afar by Harold

Skill      XL: |  1  2  3  4  5  6  7  8  9 10 |
---------------+-------------------------------+-----
Fighting       | 1 2 3 4 |  4.8
Maces & Flails | 1 2 3 4 |  4.4
Long Blades    | 1 2 |  2.1
Spellcasting   | 1 2 3 5 |  5.7
Dodging        | 4 5 6 |  6.3
Armour         | 1 2 3 4 |  4.1
Shields        | 1 2 3 4 |  4.6
Stealth        | 5 6 7 |  7.2
Axes           | 1 2 3 5 6 7 |  7.8
Invocations    | 1 2 3 |  3.4
Throwing       | 1 |  1.1

Action                   |  1- 3 |  4- 6 |  7- 9 | 10-12 || total
-------------------------+-------+-------+-------+-------++-------
Melee: Whip              |    52 |       |       |       ||    52
       Bite              |    15 |    13 |    27 |    29 ||    84
       Falchion          |   113 |    83 |       |       ||   196
       War axe           |       |    45 |   168 |   102 ||   315
Throw: Tomahawk          |       |       |     8 |    30 ||    38
  Use: Scroll            |       |     1 |     5 |     3 ||     9
       Potion            |       |       |       |     5 ||     5
 Stab: Sleeping          |    10 |     9 |    21 |     2 ||    42
       Distracted        |       |       |       |     1 ||     1
  Eat: Chunk             |     7 |    10 |    15 |     7 ||    39
Armor: Robe              |    46 |    29 |    23 |       ||    98
       Plate armour      |       |       |    35 |    63 ||    98
Dodge: Dodged            |   115 |    87 |    78 |    23 ||   303
Block: Other             |       |       |    18 |       ||    18
       Medium shield     |       |       |    75 |   106 ||   181
       Reflection        |       |       |    11 |    15 ||    26
